 Dungeon Crawl Stone Soup version 0.30-a0-782-ge64f9170bb (webtiles) character file.

Game seed: 10090984341620259865

2556 HoaS the Skirmisher (level 9, -11/67 HPs)
             Began as a Demigod Hunter on Mar 1, 2023.
             Mangled by an orc warrior
             ... wielding a +2 trident of venom
              (19 damage)
             ... on level 7 of the Dungeon.
             The game lasted 00:14:53 (6571 turns).

HoaS the Skirmisher (Demigod Hunter)                Turns: 6571, Time: 00:14:53

Health: -11/67     AC:  4    Str: 12    XL:     9   Next: 9%
Magic:  11/11      EV: 13    Int: 11    God:
Gold:   421        SH:  5    Dex: 32    Spells: 8/8 levels left

rFire   . . .      SeeInvis +    a - +1 shortbow (heavy)
rCold   + + .      Faith    .    (shield currently unavailable)
rNeg    + . .      Spirit   .    r - +0 leather armour {rC+}
rPois   .          Reflect  +    i - +2 helmet {SInv}
rElec   .          Harm     .    n - +0 cloak
rCorr   .          Rampage  .    (no gloves)
Will    +....                    j - +0 pair of boots
Stlth   ++                       f - amulet of reflection
HPRegen 0.31/turn                l - ring "Goah" {rC+ rN+ Will+ Dex+3 Slay+4}
MPRegen 0.12/turn                (no ring)

@: lethally poisoned (-11 -> -17), corroded, studying Earth Magic
A: high MP 1, forlorn, divine attributes
a: no special abilities


You were on level 7 of the Dungeon.
You visited 1 branch of the dungeon, and saw 7 of its levels.
You also visited: Sewer.

You collected 421 gold pieces.

Inventory:

Hand Weapons
 a - a +1 heavy shortbow (weapon)
Armour
 i - a +2 helmet of see invisible (worn)
 j - a +0 pair of boots (worn)
 n - a +0 cloak (worn)
 r - a +0 leather armour of cold resistance (worn)
Jewellery
 e - a ring of see invisible
 f - an amulet of reflection (around neck)
 l - the ring "Goah" (left hand) {rC+ rN+ Will+ Dex+3 Slay+4}
   (You found it on level 2 of the Dungeon)

   [ring of slaying]

   Dex:       It affects your dexterity (+3).
   Slay:      It affects your accuracy & damage with ranged weapons and melee
   (+4).
   rC:        It protects you from cold.
   rN:        It protects you from negative energy.
   Will:      It increases your willpower.
Wands
 k - a wand of polymorph (15)
 o - a wand of light (6)
 q - a wand of digging (3)
Scrolls
 b - a scroll of immolation
 c - a scroll of fog
 d - 8 scrolls of teleportation
 s - a scroll of summoning
 w - a scroll of identify
Potions
 g - 7 potions of curing
 h - 2 potions of cancellation
 m - 4 potions of mutation
 p - a potion of haste
 t - a potion of invisibility
 u - a potion of heal wounds
 v - a potion of lignification {unknown}


   Skills:
 - Level 1.7 Fighting
 + Level 12.1 Ranged Weapons
 - Level 1.7 Dodging
 - Level 0.8 Stealth


You had 8 spell levels left.
You didn't know any spells.
Your spell library contained the following spells:

 Spells                   Type           Power      Damage    Failure   Level
 Sandblast                Erth           0%         2d4       41%         1
 Blink                    Tloc           0%         N/A       56%         2
 Lesser Beckoning         Tloc           0%         N/A       56%         2
 Momentum Strike          Conj/Tloc      0%         3d8       56%         2
 Passwall                 Tmut/Erth      0%         N/A       56%         2
 Static Discharge         Conj/Air       0%         2-2/arc   56%         2
 Dazzling Flash           Conj/Hex       0%         N/A       80%         3
 Stone Arrow              Conj/Erth      0%         3d7       80%         3
 Tukima's Dance           Hex            0%         N/A       80%         3
 Vhi's Electric Charge    Tloc/Air       0%         N/A       80%         3
 Passage of Golubria      Tloc           0%         N/A       99%         4
 Agony                    Necr           0%         N/A       100%        5
 Arcjolt                  Conj/Air       0%         1d10      100%        5
 Lightning Bolt           Conj/Air       0%         1d11      100%        5
 Silence                  Hex/Air        0%         N/A       100%        5
 Yara's Violent Unravell  Hex/Tmut       0%         3d3       100%        5


Dungeon Overview and Level Annotations

Branches:
Dungeon (7/15)              Sewer (visited)
 Temple: D:4-7

Shops:
D:3 :


Innate Abilities, Weirdness & Mutations

You have an increased reservoir of magic. (+10% MP)
You shall have no god before yourself.
Your divine heritage dramatically boosts your attributes as you level up.


Message History

The bolt barely misses the orc warrior.
The orc warrior hits you from afar with a +0 glaive.
The orc warrior shoots a bolt.
You reflect the bolt off an invisible shield around you!
The bolt barely misses the orc warrior.
You shoot an arrow. The arrow hits the orc warrior!!
You kill the orc warrior!
The rust devil hits you! The rust devil corrodes you!
The orc warrior unwields a +0 arbalest.
The orc warrior wields a +2 trident of venom.
It begins to drip with poison!
The orc warrior hits you with a +2 trident of venom!
You are poisoned.
You climb downwards.
You feel very sick.
There is a stone staircase leading up here.
You shoot an arrow. The arrow hits the rust devil!!
The rust devil is heavily wounded.
You feel very sick. The rust devil barely misses you.
You block the orc warrior's attack.
You shoot an arrow. The arrow barely misses the rust devil.
You feel very sick. You block the rust devil's attack.
The orc warrior hits you with a +2 trident of venom!
You are more poisoned.
The rust devil closely misses you.
You shoot an arrow. The arrow hits the rust devil!
The rust devil is severely wounded.
You feel very sick. The orc warrior barely misses you.
The rust devil completely misses you. The orc warrior misses you.
You shoot an arrow.
The arrow hits the rust devil but does no damage.
The rust devil is severely wounded.
You feel very sick. The rust devil hits you!
* * * LOW HITPOINT WARNING * * *
The rust devil corrodes you!
The orc warrior hits you with a +2 trident of venom!!
You die...

#........##
#.....
#####...##
#.....
##....#
#.....
##.....##
#.....
#.......#
#......
##......#
#......
#......#
#......
#...o..#
####.
###@...# ##
##4### #
#.## ###..##
#.....###
#...###...##
#..## ###..#
##
##........
###......


You could see a rust devil and an orc warrior.

Vanquished Creatures
  A hornet (D:7)
  A wyvern (D:7)
  A black bear (D:4)
  3 orc warriors
  A sky beast (D:7)
  3 ogres
  A centaur (D:6)
  A kobold brigand (Sewer)
  A phantom (D:5)
  3 scorpions
  A necrophage (D:6)
  3 howler monkeys
  3 hounds
  3 orc priests
  Crazy Yiuf (D:3)
  3 jellies
  6 iguanas
  Ijyb (D:4)
  6 orc wizards
  Robin (D:5)
  3 gnolls (D:5)
  6 adders
  3 river rats
  A shadow imp (D:6)
  A white imp (D:7)
  2 ufetubi (D:5)
  5 worms
  29 orcs
  7 ball pythons
  14 endoplasms
  5 giant cockroaches
  13 goblins
  6 hobgoblins
  2 jackals (D:1)
  8 quokkas
  7 bats
  8 frilled lizards
  8 kobolds
  9 rats
181 creatures vanquished.

Vanquished Creatures (others)
  4 plants (D:3)
4 creatures vanquished.

Grand Total: 185 creatures vanquished

Notes
Turn   | Place    | Note
-------+----------+-------------------------------------------
     0 | D:1      | HoaS the Demigod Hunter began the quest for the Orb.
     0 | D:1      | Reached XP level 1. HP: 17/17 MP: 3/3
    65 | D:1      | Reached skill level 4 in Ranged Weapons
   103 | D:1      | Reached XP level 2. HP: 19/24 MP: 4/4
   747 | D:2      | Reached XP level 3. HP: 29/29 MP: 5/5
  1060 | D:2      | Reached skill level 5 in Ranged Weapons
  1229 | D:2      | Identified the ring "Goah" {rC+ rN+ Will+ Dex+3 Slay+4}
  1458 | D:3      | Found a runed translucent door.
  1459 | D:3      | Noticed Crazy Yiuf
  1600 | D:3      | You fall into a shaft and drop 1 floor!
  1735 | D:3      | Reached XP level 4. HP: 34/36 MP: 6/6
  1744 | D:3      | Found a glowing drain.
  1756 | Sewer    | Entered a sewer
  1792 | Sewer    | Noticed a kobold brigand
  1803 | Sewer    | Killed a kobold brigand
  1804 | Sewer    | Reached skill level 6 in Ranged Weapons
  1804 | Sewer    | Reached XP level 5. HP: 24/41 MP: 7/7
  2147 | D:3      | Found Oguejid's Book Shop.
  2590 | D:3      | Killed Crazy Yiuf
  2631 | D:4      | Reached XP level 6. HP: 48/48 MP: 8/8
  2650 | D:4      | Reached skill level 7 in Ranged Weapons
  3499 | D:4      | Reached skill level 8 in Ranged Weapons
  3499 | D:4      | Reached XP level 7. HP: 31/53 MP: 9/9
  3619 | D:5      | Entered Level 5 of the Dungeon
  3619 | D:5      | Noticed Robin
  3619 | D:5      | Noticed Ijyb
  3628 | D:4      | Killed Ijyb
  3661 | D:5      | Killed Robin
  4096 | D:5      | Reached skill level 9 in Ranged Weapons
  4538 | D:5      | Reached XP level 8. HP: 56/60 MP: 10/10
  4543 | D:5      | Reached skill level 10 in Ranged Weapons
  5984 | D:7      | Reached skill level 11 in Ranged Weapons
  6011 | D:7      | Noticed a hornet
  6014 | D:7      | Killed a hornet
  6266 | D:7      | Reached XP level 9. HP: 67/67 MP: 11/11
  6423 | D:7      | Reached skill level 12 in Ranged Weapons
  6561 | D:6      | Noticed a rust devil
  6561 | D:6      | Noticed a rust devil
  6571 | D:7      | Mangled by an orc warrior

Illustrated notes

Levels and vault maps discovered:
D:1:      erik_arrival_triangle_small, layout_loops_cross
D:2:      layout_rooms, hellmonk_ecumenical_altar_slurped_away,
          grunt_ministairs_10, corexii_shack
D:3:      layout_basic, mainiacjoe_overflow_catch_the_wave,
          hellmonk_okawaru_the_only_friend_you_need, gup_sewer_entry_bubbles,
          serial_shops, nicolae_square_shop, minmay_lizard_king,
          uniq_crazy_yiuf_cottage
D:4:      layout_gridville
D:5:      layout_loops_ring, minivault_25, minivault_25,
          minmay_misc_feat_hallway, nicolae_goblin_pals
D:6:      cheibrodos_iron_armory, layout_basic, fedhas_altar_3,
          minmay_manual_maat
D:7:      layout_cave_pods, minmay_temple_entry_nine_rooms,
          hangedman_decor_lopped, serial_bayou_pond_e, minmay_fire_ice_demons

Skill      XL: |  1  2  3  4  5  6  7  8  9 |
---------------+----------------------------+-----
Ranged Weapons | 4 5 6 8 9 11 12 | 12.1
Fighting       | |  1.7
Dodging        | |  1.7
Stealth        | |  0.8

Action                     |  1- 3 |  4- 6 |  7- 9 || total
---------------------------+-------+-------+-------++-------
   Fire: Shortbow          |   137 |   124 |   200 ||   461
    Use: Scroll            |     7 |     6 |     4 ||    17
 Armour: Leather armour    |    20 |    15 |    24 ||    59
  Dodge: Dodged            |    50 |    23 |    46 ||   119
  Block: Other             |       |       |     7 ||     7
         Reflection        |       |       |     2 ||     2

Table legend: (Time is in decaauts)
 A = Elapsed time spent in this place.
 B = Non-inter-level travel time spent in this place.
 C = Inter-level travel time spent in this place.
 D = Time resting spent in this place.
 E = Time spent auto-exploring this place.
 F = Levels seen in this place.
 G = Mean time per level.
                   A        B        C        D        E       F      G
               +--------+--------+--------+--------+--------+-----+--------+
         Total |   6748 |   6619 |    129 |   1402 |   4096 |   8 |  843.5 |
       Dungeon |   6327 |   6198 |    129 |   1283 |   3901 |   7 |  903.9 |
         Sewer |    421 |    421 |      0 |    119 |    194 |   1 |  421.0 |
               +--------+--------+--------+--------+--------+-----+--------+

Top non-repeatable levels by time:
     D:5: 1177 daAuts
     D:6: 1164 daAuts
     D:4: 1086 daAuts
     D:3: 838 daAuts
     D:1: 730 daAuts
     D:2: 726 daAuts
     D:7: 603 daAuts
   Sewer: 421 daAuts
